 Dungeon Crawl Stone Soup version 0.31-a0-460-g9e667d4245 (webtiles) character file.

Game seed: 1449415126403211731

28 Ofeo the Ruffian (level 3, 22/27 HPs)
             Began as a Demonspawn Shapeshifter on Aug 4, 2023.
             Quit the game on level 1 of the Dungeon.
             The game lasted 00:00:37 (497 turns).

Ofeo the Ruffian (Demonspawn Shapeshifter)           Turns: 497, Time: 00:00:38

Health: 22/27      AC:  2    Str: 17    XL:     3   Next: 0%
Magic:  3/3        EV: 12    Int:  9    God:
Gold:   10         SH:  0    Dex: 13    Spells: 2/2 levels left

rFire   . . .        f - +1 dagger (venom)
rCold   . . .        (no shield)
rNeg    . . .        a - +0 animal skin
rPois   .            (helmet currently unavailable)
rElec   .            (cloak currently unavailable)
rCorr   .            (gloves currently unavailable)
SInv    .            (boots currently unavailable)
Will    .....        (no amulet)
Stlth   +            (no ring)
HPRegen 0.24/turn    (no ring)
MPRegen 0.08/turn

%: no passive effects
@: beast-form
A: beast (slay +2), demonic magic 1, demonic touch 1
a: Begin Untransformation


You were on level 1 of the Dungeon.
You were a hulking beast.
You visited 1 branch of the dungeon, and saw 1 of its levels.

You collected 10 gold pieces.

Inventory:

Hand Weapons
 f - a +1 dagger of venom (weapon)
Armour
 a - a +0 animal skin (worn)
Talismans
 c - a beast talisman (active)
Scrolls
 e - a scroll of identify {unknown}
Potions
 b - a potion of lignification
 d - a potion of enlightenment {unknown}


   Skills:
 + Level 1.6 Fighting
 + Level 2.2 Dodging
 - Level 3.0 Unarmed Combat
 + Level 2.9 Shapeshifting


You had 2 spell levels left.
You didn't know any spells.
Your spell library was empty.

Dungeon Overview and Level Annotations

Branches:
Dungeon (1/15)

Altars:


Innate Abilities, Weirdness & Mutations

You are a hulking beast.
Your limbs bulge with bestial killing power. (Slay +2)
Spells you cast may paralyse adjacent enemies.
Your touch may inflict minor irresistible damage on your foes.


Message History

You see here a +0 dagger.
An endoplasm comes into view.
An endoplasm is nearby!
An endoplasm is nearby!
You enter the shallow water.
Moving in this stuff is going to be slow.
An endoplasm is nearby!
The endoplasm quivers.
An endoplasm is nearby!
The endoplasm misses you. The endoplasm freezes you.
You are frozen.
You take 1 damage, and have 20/21 hp.
You barely miss the endoplasm. The endoplasm freezes you.
You are frozen.
You take 4 damage, and have 16/21 hp.
You hit the endoplasm.
The endoplasm is poisoned.
You touch the endoplasm.
You kill the endoplasm!
A goblin comes into view. It is wielding a +0 club.
Found a club.
The goblin shouts!
Health restored: 21 A goblin is nearby!
A goblin is nearby!
The goblin hits you with a +0 club.
You take 2 damage, and have 19/21 hp.
A goblin is nearby!
You closely miss the goblin. The goblin hits you with a +0 club.
You take 2 damage, and have 17/21 hp.
You hit the goblin.
You kill the goblin!
You have reached level 3!
Your experience leads to an increase in your attributes!
Increase (s)trength, (i)ntelligence, or (d)exterity?
You feel stronger. x2; Your demonic ancestry asserts itself...
A menacing aura infuses your magic.
You regained 5 hp, and now have 22/27 hp.
MP restored: 3 Are you sure you want to abandon this character and quit the game? (Confirm with "yes".)

.#.....## ........##
.........# .........#
.........# .........#
.~~......#############
~~~~~~~.....##...)...##
~≈≈~~~~~~~~.....h~..).#
≈≈≈≈≈~≈~≈~~~...~~~~....#
≈≈≈≈≈≈≈≈≈≈≈~~~~~≈~~~...#
#####≈≈≈≈≈≈≈~~~≈≈≈≈~~..#
#...##≈≈≈≈≈≈≈~≈≈≈≈≈≈~~.#
..>..#≈≈≈≈≈≈≈≈≈≈≈≈≈≈~~..
.....#≈≈≈≈≈≈≈≈≈≈≈≈≈≈≈~~.
.....#≈≈≈≈≈≈≈≈≈≈≈≈≈≈≈~~.
#...##~≈≈≈≈≈≈≈≈≈≈≈≈≈


There were no monsters in sight!

Vanquished Creatures
  A dart slug (D:1)
  5 endoplasms (D:1)
  6 goblins (D:1)
  2 hobgoblins (D:1)
  2 kobolds (D:1)
  4 ball pythons (D:1)
  2 frilled lizards (D:1)
  2 rats (D:1)
24 creatures vanquished.

Notes
Turn   | Place    | Note
-------+----------+-------------------------------------------
     0 | D:1      | Ofeo the Demonspawn Shapeshifter began the quest for the
                  | Orb.
     0 | D:1      | Reached XP level 1. HP: 15/15 MP: 1/1
    88 | D:1      | Gained mutation: Your touch may inflict minor irresistible
                  | damage on your foes. [demonic ancestry]
    88 | D:1      | Reached XP level 2. HP: 19/21 MP: 2/2
   431 | D:1      | Reached skill level 3 in Unarmed Combat
   497 | D:1      | Gained mutation: Spells you cast may paralyse adjacent
                  | enemies. [demonic ancestry]
   497 | D:1      | Reached XP level 3. HP: 22/27 MP: 3/3
   497 | D:1      | Quit the game

Illustrated notes

Levels and vault maps discovered:
D:1:      minmay_arrival_shoal_huts, layout_rooms, st_stairs_9, nicolae_titane

Skill      XL: |  1  2 |
---------------+-------+-----
Dodging        | 2 |  2.2
Unarmed Combat | 3 |  3.0
Fighting       | |  1.6
Shapeshifting  | |  2.9

Action                     || total
---------------------------++-------
  Melee: Unarmed           ||    40
         Touch             ||     6
         Dagger            ||     4
 Armour: Animal skin       ||     4
  Dodge: Dodged            ||    25

Table legend: (Time is in decaauts)
 A = Elapsed time spent in this place.
 B = Non-inter-level travel time spent in this place.
 C = Inter-level travel time spent in this place.
 D = Time resting spent in this place.
 E = Time spent auto-exploring this place.
 F = Levels seen in this place.
 G = Mean time per level.
                   A        B        C        D        E       F      G
               +--------+--------+--------+--------+--------+-----+--------+
         Total |    504 |    504 |      0 |      0 |    386 |   1 |  504.0 |
       Dungeon |    504 |    504 |      0 |      0 |    386 |   1 |  504.0 |
               +--------+--------+--------+--------+--------+-----+--------+

Top non-repeatable levels by time:
     D:1: 504 daAuts
